 Dungeon Crawl Stone Soup version 0.30-a0-879-ga8ba668304 (webtiles) character file.

Game seed: 9464168999532195262

372 bande the Covered (level 6, -3/39 HPs)
             Began as a Gargoyle Fighter on Mar 12, 2023.
             Slain by an ogre
             ... wielding a +0 giant club
              (7 damage)
             ... on level 4 of the Dungeon.
             The game lasted 00:04:41 (2542 turns).

bande the Covered (Gargoyle Fighter)                Turns: 2542, Time: 00:04:41

Health: -3/39      AC: 14    Str: 20    XL:     6   Next: 71%
Magic:  6/6        EV: 10    Int:  8    God:
Gold:   94         SH:  4    Dex: 11    Spells: 5/5 levels left

rFire   + . .      SeeInvis .    a - +1 war axe
rCold   . . .      Faith    .    c - +0 buckler
rNeg    + . .      Spirit   .    s - +4 leather armour "Qumm" {Fly rF+}
rPois   ∞          Reflect  .    (no helmet)
rElec   +          Rampage  .    (no cloak)
rCorr   .                        (no gloves)
Will    .....                    o - +1 pair of boots
Stlth   +                        (no amulet)
HPRegen 0.26/turn                (no ring)
MPRegen 0.10/turn                (no ring)

@: mighty, flying
A: sickness immunity, AC +4, negative energy resistance 1, electricity
resistance, torment resistance 1, petrification resistance
a: no special abilities


You were on level 4 of the Dungeon.
You visited 1 branch of the dungeon, and saw 4 of its levels.

You collected 94 gold pieces.

Inventory:

Hand Weapons
 a - a +1 war axe (weapon)
 f - a +2 heavy flail
Armour
 c - a +0 buckler (worn)
 o - a +1 pair of boots (worn)
 s - the +4 leather armour "Qumm" (worn) {Fly rF+}
   (You found it on level 3 of the Dungeon)

   rF:        It protects you from fire.
   Fly:       It grants you flight.
Jewellery
 j - a +5 ring of evasion
Scrolls
 h - 4 scrolls of fear
 k - a scroll of teleportation
Potions
 d - a potion of might
 e - a potion of cancellation {unknown}
 g - a potion of attraction {unknown}
 i - a potion of flight {unknown}
 m - 3 potions of brilliance
 n - 3 potions of heal wounds {unknown}


   Skills:
 + Level 4.3 Fighting
 + Level 4.5 Axes
 + Level 4.7 Armour
 + Level 4.3 Shields


You had 5 spell levels left.
You didn't know any spells.
Your spell library contained the following spells:

 Spells                   Type           Power      Damage    Failure   Level
 Dispel Undead            Necr           0%         3d6       100%        4
 Death Channel            Necr           0%         N/A       100%        6
 Cigotuvi's Dreadful Rot  Necr/Pois/Air  Unusable   N/A       N/A         2

Dungeon Overview and Level Annotations

Branches:
Dungeon (4/15)
 Temple: D:4-7

Altars:
Makhleb
Sif Muna

Shops:
D:3 ?


Innate Abilities, Weirdness & Mutations

You are immune to sickness and miasma.
Your stone body is resilient. (AC +4)
You are immune to poison.
You resist negative energy. (rN+)
You are resistant to electric shocks. (rElec)
You are resistant to unholy torment.
You are immune to petrification.


Message History

The jackal barks!
You slash the jackal!
You kill the jackal!
You closely miss the jackal.
You hear a shout!
The jackal bites you but does no damage. x2
The scorpion completely misses you.
You hit the scorpion but do no damage.
The scorpion is lightly wounded.
You slash the jackal!
You kill the jackal!
The scorpion stings you but does no damage.
You block the jackal's attack.
You hit the scorpion.
The scorpion is heavily wounded.
You slash the jackal!
You kill the jackal!
The scorpion stings you but does no damage.
The adder closely misses you. The scorpion barely misses you.
You slash the scorpion!
You kill the scorpion!
You barely miss the adder. The adder misses you.
The adder bites you but does no damage.
You miss the jackal. You hit the adder.
You kill the adder!
The jackal bites you but does no damage.
You block the jackal's attack. The ogre barely misses you.
You closely miss the jackal. You slash the ogre!
The jackal bites you but does no damage. x2
You block the ogre's attack.
An adder comes into view.
You completely miss the jackal. You closely miss the ogre.
The jackal bites you but does no damage. x2
The ogre hits you with a +0 giant club!
* * * LOW HITPOINT WARNING * * *
You closely miss the jackal. You hit the ogre. You block the jackal's attack.
The jackal bites you but does no damage.
You closely miss the jackal. You closely miss the ogre.
You block the jackal's attack. The ogre hits you with a +0 giant club!
You die...

..h##.##.......
#)...^....#.
....#.#.....#
..# # #.#.##...
...###..... .
.......)#O..
#$#..S#.....
#...Oh# ....
###.#@# ....
#...# #..## ###


You could see an ogre, an adder and a jackal.

Vanquished Creatures
  An ogre (D:4)
  A scorpion (D:4)
  Jessica (D:3)
  Terence (D:2)
  An orc wizard (D:3)
  3 adders
  4 gnolls (D:3)
  A worm (D:3)
  2 dart slugs
  4 orcs (D:3)
  4 bats
  4 endoplasms
  5 giant cockroaches
  8 goblins
  3 hobgoblins
  6 jackals
  4 kobolds (D:2)
  5 quokkas
  8 ball pythons
  6 frilled lizards
  19 rats
91 creatures vanquished.

Notes
Turn   | Place    | Note
-------+----------+-------------------------------------------
     0 | D:1      | bande the Gargoyle Fighter began the quest for the Orb.
     0 | D:1      | Reached XP level 1. HP: 14/14 MP: 1/1
   144 | D:1      | Reached XP level 2. HP: 19/19 MP: 2/2
   246 | D:1      | Found a faded altar of an unknown god.
   502 | D:1      | Reached XP level 3. HP: 23/23 MP: 3/3
   838 | D:2      | Reached XP level 4. HP: 29/29 MP: 4/4
   867 | D:2      | Noticed Terence
   879 | D:2      | Killed Terence
  1525 | D:3      | Reached XP level 5. HP: 30/33 MP: 5/5
  1700 | D:3      | Found Ryoliz's Magic Scroll Emporium.
  1959 | D:3      | Found a burning altar of Makhleb.
  1998 | D:3      | Identified the +4 leather armour "Qumm" {Fly rF+}
  2201 | D:3      | Noticed Jessica
  2274 | D:3      | Killed Jessica
  2275 | D:3      | Reached XP level 6. HP: 38/38 MP: 6/6
  2277 | D:3      | Found a shimmering blue altar of Sif Muna.
  2542 | D:4      | Slain by an ogre

Illustrated notes

Levels and vault maps discovered:
D:1:      spicycebolla_arrival_xxxplode, layout_basic,
          hellmonk_ecumenical_altar_leap_of_faith
D:2:      layout_loops_ring, uniq_terence
D:3:      layout_basic, tgw_sif, mainiacjoe_overflow_boulevard, serial_shops,
          shop, minmay_rat_hole
D:4:      layout_rooms, gup_sewer_entry_spiral, columned_hall_lemuel,
          kennysheep_nondescript, minmay_fractal_squares_5, uniq_ijyb

Skill      XL: |  1  2  3  4  5  6 |
---------------+-------------------+-----
Axes           | 2 3 4 |  4.5
Shields        | 4 |  4.3
Armour         | 4 |  4.7
Fighting       | 4 |  4.3

Action                     |  1- 3 |  4- 6 || total
---------------------------+-------+-------++-------
  Melee: War axe           |    88 |   170 ||   258
    Use: Scroll            |     6 |     5 ||    11
         Potion            |       |     1 ||     1
 Armour: Scale mail        |    45 |    86 ||   131
         Leather armour    |       |    16 ||    16
  Dodge: Dodged            |    44 |   112 ||   156
  Block: Buckler           |    16 |    44 ||    60

Table legend: (Time is in decaauts)
 A = Elapsed time spent in this place.
 B = Non-inter-level travel time spent in this place.
 C = Inter-level travel time spent in this place.
 D = Time resting spent in this place.
 E = Time spent auto-exploring this place.
 F = Levels seen in this place.
 G = Mean time per level.
                   A        B        C        D        E       F      G
               +--------+--------+--------+--------+--------+-----+--------+
         Total |   2642 |   2552 |     90 |    202 |   1697 |   4 |  660.5 |
       Dungeon |   2642 |   2552 |     90 |    202 |   1697 |   4 |  660.5 |
               +--------+--------+--------+--------+--------+-----+--------+

Top non-repeatable levels by time:
     D:3: 1223 daAuts
     D:2: 766 daAuts
     D:1: 620 daAuts
     D:4: 32 daAuts
